General information
- name: BNet
- type: Ladder team game (AT/RT)
- host: Battle.net
- saver: dogsandhorse.ru
map: UpperKingdom
- players: 6
- length: 40:29
- speed: Fast
- version: 1.21 W3XP
- replay type:

» download(324 KB)
Players
team 1 (loser)

»
GG.Kolya (
pink | 97 APM | 3906 actions | 40:23)
4 Blademaster
2 Wind Walk
2 Critical Strike
5 Shadow Hunter
3 Hex
2 Healing Wave
» actions
| Assign group hotkey | 63 | |
| Basic commands | 135 | |
| Build / train | 89 | |
| ESC pressed | 1 | |
| Enter build submenu | 20 | |
| Enter hero's abilities submenu | 9 | |
| Give item / drop item | 1 | |
| Right click | 1608 | |
| Select / deselect | 727 | |
| Select group hotkey | 1017 | |
| Use ability | 236 | |
3906 total
» units
| Peon | 11 | |
| Grunt | 5 | |
| Demolisher | 2 | |
| Raider | 15 | |
| Troll Witch Doctor | 12 | |
| Troll Batrider | 17 | |
62 total
» upgrades
| Berserker Strength | 1 | |
| Ensnare | 1 | |
| Spiked Barricades | 1 | |
| Witch Doctor Training | 2 | |
5 total
» buildings
| Altar of Storms | 1 | |
| Orc Burrow | 7 | |
| Barracks | 1 | |
| Stronghold | 1 | |
| Voodoo Lounge | 1 | |
| War Mill | 1 | |
| Beastiary | 3 | |
| Watch Tower | 3 | |
| Spirit Lodge | 1 | |
| Fortress | 1 | |
| Great Hall | 1 | |
21 total
» build order
00:05 Altar of Storms
00:17 Orc Burrow
00:37 Barracks
01:28 Orc Burrow
03:30 Stronghold
03:37 Voodoo Lounge
04:46 Orc Burrow
05:48 War Mill
06:19 Orc Burrow
06:53 Beastiary
07:32 Watch Tower
10:42 Watch Tower
11:16 Watch Tower
11:25 Orc Burrow
12:12 Spirit Lodge
13:51 Orc Burrow
15:45 Beastiary
15:49 Fortress
15:54 Great Hall
16:07 Orc Burrow
37:09 Beastiary
» items
| Healing Salve | 4 | |
| Lesser Clarity Potion | 3 | |
| Scroll of Speed | 1 | |
| Potion of Healing | 1 | |
9 total

»
GG.Mitya (
blue | 65 APM | 2631 actions | 40:25)
3 Archmage
2 Summon Water Elemental
1 Brilliance Aura
3 Blood Mage
2 Flame Strike
1 Siphon Mana
1 Mountain King
1 Storm Bolt
» actions
| Assign group hotkey | 43 | |
| Basic commands | 165 | |
| Build / train | 101 | |
| ESC pressed | 1 | |
| Enter build submenu | 42 | |
| Enter hero's abilities submenu | 7 | |
| Remove unit from queue | 2 | |
| Right click | 895 | |
| Select / deselect | 674 | |
| Select group hotkey | 569 | |
| Use ability | 132 | |
2631 total
» units
| Peasant | 21 | |
| Footman | 7 | |
| Mortar Team | 10 | |
| Sorceress | 9 | |
| Rifleman | 5 | |
| Siege Engine | 9 | |
61 total
» upgrades
| Defend | 1 | |
| Lumber Harvesting | 2 | |
| Gunpowder | 3 | |
| Magic Sentry | 1 | |
| Sorceress Training | 2 | |
| Plating | 3 | |
| Barrage | 1 | |
| Masonry | 1 | |
14 total
» buildings
| Altar of Kings | 1 | |
| Farm | 16 | |
| Barracks | 2 | |
| Arcane Vault | 2 | |
| Scout Tower | 16 | |
| Keep | 1 | |
| Arcane Tower | 3 | |
| Town Hall | 1 | |
| Blacksmith | 1 | |
| Lumber Mill | 2 | |
| Workshop | 5 | |
| Guard Tower | 6 | |
| Arcane Sanctum | 1 | |
| Castle | 1 | |
58 total
» build order
00:02 Altar of Kings
00:06 Farm
00:43 Barracks
00:46 Barracks
01:36 Farm
01:37 Farm
02:14 Arcane Vault
02:20 Farm
02:21 Farm
02:24 Farm
02:26 Farm
04:12 Arcane Vault
04:57 Farm
04:59 Scout Tower
05:32 Farm
05:34 Keep
05:39 Farm
06:11 Arcane Tower
08:12 Town Hall
08:23 Blacksmith
09:12 Lumber Mill
09:14 Farm
10:30 Workshop
12:18 Scout Tower
12:19 Scout Tower
12:20 Scout Tower
12:21 Scout Tower
12:22 Scout Tower
12:23 Scout Tower
13:03 Guard Tower
13:30 Arcane Sanctum
13:53 Arcane Tower
13:55 Guard Tower
16:03 Farm
16:04 Farm
16:30 Scout Tower
16:31 Scout Tower
16:32 Scout Tower
16:37 Scout Tower
16:40 Scout Tower
16:55 Farm
16:58 Farm
17:01 Farm
17:12 Scout Tower
17:19 Arcane Tower
17:37 Guard Tower
18:13 Castle
18:22 Guard Tower
19:35 Guard Tower
20:33 Scout Tower
20:34 Scout Tower
20:37 Scout Tower
22:19 Workshop
22:23 Workshop
22:25 Guard Tower
22:28 Workshop
23:42 Workshop
25:39 Lumber Mill
» items
| Scroll of Regeneration | 1 | |
| Mechanical Critter | 1 | |
2 total

»
GG.Vasya (
red | 55 APM | 2226 actions | 40:28)
5 Shadow Hunter
2 Hex
3 Healing Wave
» actions
| Assign group hotkey | 26 | |
| Build / train | 61 | |
| Enter build submenu | 17 | |
| Enter hero's abilities submenu | 5 | |
| Give item / drop item | 1 | |
| Right click | 1121 | |
| Select / deselect | 345 | |
| Select group hotkey | 567 | |
| Use ability | 83 | |
2226 total
» units
| Peon | 10 | |
| Grunt | 3 | |
| Demolisher | 20 | |
| Troll Batrider | 5 | |
38 total
» upgrades
| Ranged Weapons | 3 | |
| Armor | 3 | |
| Burning Oil | 1 | |
7 total
» buildings
| Altar of Storms | 1 | |
| Orc Burrow | 8 | |
| Barracks | 1 | |
| Voodoo Lounge | 1 | |
| Stronghold | 1 | |
| War Mill | 1 | |
| Fortress | 1 | |
| Beastiary | 1 | |
| Great Hall | 2 | |
17 total
» build order
00:07 Altar of Storms
00:21 Orc Burrow
00:56 Barracks
01:35 Orc Burrow
01:50 Voodoo Lounge
03:31 Stronghold
04:12 Orc Burrow
04:40 War Mill
05:34 Orc Burrow
06:19 Orc Burrow
07:01 Fortress
12:39 Orc Burrow
15:10 Beastiary
15:14 Orc Burrow
17:01 Orc Burrow
28:04 Great Hall
38:11 Great Hall
» items
| Healing Salve | 2 | |
| Lesser Clarity Potion | 2 | |
| Potion of Healing | 1 | |
| Orb of Lightning | 1 | |
| Scroll of Town Portal | 1 | |
| Potion of Mana | 1 | |
8 total
team 2 (winner)
dogsandhorse.ru (
yellow | 109 APM | 4395 actions | 40:29)
4 Archmage
2 Blizzard
2 Brilliance Aura
6 Mountain King
3 Storm Bolt
2 Bash
1 Avatar
» actions
| Assign group hotkey | 11 | |
| Basic commands | 13 | |
| Build / train | 132 | |
| Enter build submenu | 72 | |
| Enter hero's abilities submenu | 10 | |
| Give item / drop item | 9 | |
| Right click | 2620 | |
| Select / deselect | 544 | |
| Select group hotkey | 741 | |
| Use ability | 240 | |
4395 total
» units
| Peasant | 21 | |
| Priest | 1 | |
| Dragonhawk Rider | 4 | |
| Gryphon Rider | 6 | |
32 total
» upgrades
| Masonry | 3 | |
| Lumber Harvesting | 2 | |
| Magic Sentry | 1 | |
| Swords | 3 | |
| Armor | 3 | |
| Priest Training | 1 | |
| Sorceress Training | 1 | |
| Animal War Training | 1 | |
| Cloud | 1 | |
16 total
» buildings
| Altar of Kings | 1 | |
| Farm | 7 | |
| Lumber Mill | 2 | |
| Scout Tower | 88 | |
| Arcane Tower | 6 | |
| Guard Tower | 53 | |
| Keep | 1 | |
| Arcane Sanctum | 1 | |
| Arcane Vault | 1 | |
| Gryphon Aviary | 2 | |
| Town Hall | 1 | |
| Castle | 1 | |
| Blacksmith | 1 | |
| Barracks | 1 | |
166 total
» build order
00:08 Altar of Kings
00:13 Farm
00:48 Lumber Mill
00:52 Farm
00:59 Scout Tower
01:04 Scout Tower
01:37 Scout Tower
01:59 Arcane Tower
01:59 Arcane Tower
01:59 Arcane Tower
02:17 Arcane Tower
02:21 Scout Tower
02:43 Scout Tower
02:47 Guard Tower
02:47 Guard Tower
02:49 Scout Tower
03:22 Scout Tower
03:24 Guard Tower
03:26 Scout Tower
03:28 Arcane Tower
03:58 Guard Tower
04:07 Scout Tower
04:10 Scout Tower
04:14 Scout Tower
04:17 Scout Tower
04:32 Scout Tower
04:34 Scout Tower
04:40 Keep
04:42 Guard Tower
04:44 Guard Tower
04:45 Guard Tower
04:45 Guard Tower
04:51 Scout Tower
04:55 Guard Tower
05:21 Guard Tower
05:22 Scout Tower
05:24 Guard Tower
05:25 Guard Tower
05:27 Scout Tower
05:28 Scout Tower
05:36 Farm
05:52 Scout Tower
05:54 Scout Tower
05:56 Guard Tower
05:56 Guard Tower
06:02 Scout Tower
06:05 Guard Tower
06:06 Guard Tower
06:15 Farm
06:22 Guard Tower
06:24 Scout Tower
06:30 Guard Tower
06:51 Scout Tower
07:10 Guard Tower
07:10 Guard Tower
07:11 Scout Tower
07:39 Arcane Sanctum
07:45 Arcane Vault
08:08 Scout Tower
08:09 Scout Tower
08:12 Guard Tower
08:12 Guard Tower
08:13 Guard Tower
08:13 Guard Tower
08:18 Scout Tower
08:52 Gryphon Aviary
09:36 Gryphon Aviary
09:40 Farm
09:43 Farm
09:44 Farm
10:43 Guard Tower
10:44 Guard Tower
10:46 Scout Tower
11:56 Town Hall
12:15 Guard Tower
12:17 Guard Tower
13:21 Scout Tower
13:25 Scout Tower
13:26 Scout Tower
13:26 Scout Tower
15:09 Guard Tower
15:34 Castle
15:36 Blacksmith
15:37 Barracks
17:44 Scout Tower
17:44 Scout Tower
17:45 Scout Tower
17:46 Scout Tower
17:47 Scout Tower
17:47 Scout Tower
17:48 Scout Tower
18:06 Scout Tower
18:07 Scout Tower
18:08 Scout Tower
20:21 Guard Tower
20:24 Scout Tower
20:25 Scout Tower
20:26 Scout Tower
20:26 Scout Tower
20:27 Scout Tower
20:28 Scout Tower
20:28 Scout Tower
20:29 Scout Tower
20:41 Arcane Tower
20:41 Guard Tower
20:42 Guard Tower
20:44 Guard Tower
20:44 Guard Tower
22:14 Guard Tower
22:16 Scout Tower
22:17 Scout Tower
22:20 Guard Tower
22:28 Scout Tower
22:29 Scout Tower
22:30 Scout Tower
24:35 Scout Tower
24:35 Scout Tower
24:36 Scout Tower
24:37 Scout Tower
24:37 Scout Tower
24:38 Scout Tower
26:08 Guard Tower
26:11 Scout Tower
26:11 Scout Tower
26:12 Scout Tower
26:12 Scout Tower
26:13 Scout Tower
26:13 Scout Tower
26:16 Scout Tower
26:16 Scout Tower
26:17 Scout Tower
26:17 Scout Tower
26:47 Guard Tower
27:16 Guard Tower
27:53 Guard Tower
27:55 Scout Tower
27:56 Scout Tower
27:57 Scout Tower
27:58 Scout Tower
29:04 Guard Tower
29:11 Guard Tower
30:01 Guard Tower
30:04 Scout Tower
30:05 Scout Tower
30:05 Scout Tower
30:06 Scout Tower
30:06 Scout Tower
30:07 Scout Tower
30:42 Guard Tower
31:36 Guard Tower
31:52 Guard Tower
31:53 Guard Tower
32:17 Guard Tower
32:32 Scout Tower
32:33 Scout Tower
32:34 Scout Tower
32:34 Scout Tower
32:35 Scout Tower
33:28 Guard Tower
34:20 Guard Tower
34:22 Scout Tower
34:23 Scout Tower
37:15 Guard Tower
37:21 Lumber Mill
» items
| Staff of Sanctuary | 2 | |
| Scroll of Town Portal | 2 | |
| Scroll of Regeneration | 1 | |
| Healing Salve | 1 | |
6 total

»
iggy_the_fisk (
teal | 115 APM | 4666 actions | 40:28)
6 Archmage
3 Blizzard
2 Brilliance Aura
1 Mass Teleport
5 Mountain King
3 Storm Bolt
2 Bash
» actions
| Assign group hotkey | 113 | |
| Basic commands | 10 | |
| Build / train | 159 | |
| Enter build submenu | 108 | |
| Enter hero's abilities submenu | 12 | |
| Remove unit from queue | 2 | |
| Right click | 2434 | |
| Select / deselect | 457 | |
| Select group hotkey | 1027 | |
| Use ability | 344 | |
4666 total
» units
» upgrades
| Masonry | 3 | |
| Lumber Harvesting | 2 | |
| Magic Sentry | 1 | |
| Sorceress Training | 2 | |
8 total
» buildings
| Altar of Kings | 1 | |
| Lumber Mill | 6 | |
| Farm | 5 | |
| Scout Tower | 104 | |
| Arcane Tower | 9 | |
| Guard Tower | 58 | |
| Keep | 1 | |
| Arcane Vault | 3 | |
| Town Hall | 3 | |
| Castle | 1 | |
| Arcane Sanctum | 1 | |
192 total
» build order
00:06 Altar of Kings
00:20 Lumber Mill
00:35 Farm
00:55 Farm
01:02 Scout Tower
01:18 Scout Tower
01:37 Arcane Tower
01:45 Scout Tower
02:02 Arcane Tower
02:02 Arcane Tower
02:02 Arcane Tower
02:13 Scout Tower
02:19 Guard Tower
02:20 Guard Tower
02:20 Guard Tower
02:26 Scout Tower
02:53 Guard Tower
02:55 Scout Tower
03:06 Guard Tower
03:08 Scout Tower
03:32 Guard Tower
03:38 Scout Tower
04:00 Keep
04:10 Scout Tower
04:14 Guard Tower
04:18 Scout Tower
04:38 Scout Tower
04:43 Arcane Vault
04:49 Guard Tower
04:49 Guard Tower
04:49 Guard Tower
04:53 Scout Tower
05:10 Guard Tower
05:14 Scout Tower
05:45 Guard Tower
05:56 Scout Tower
06:06 Scout Tower
06:10 Farm
06:11 Farm
06:32 Guard Tower
06:36 Town Hall
06:38 Guard Tower
06:41 Arcane Vault
06:58 Guard Tower
07:02 Scout Tower
07:38 Guard Tower
07:40 Scout Tower
07:41 Scout Tower
07:48 Scout Tower
08:26 Guard Tower
08:27 Scout Tower
08:32 Scout Tower
08:33 Scout Tower
09:03 Guard Tower
09:04 Scout Tower
09:05 Scout Tower
09:08 Guard Tower
09:12 Scout Tower
09:26 Guard Tower
09:27 Scout Tower
09:47 Scout Tower
09:48 Guard Tower
09:49 Castle
09:53 Arcane Sanctum
09:56 Guard Tower
10:00 Scout Tower
10:15 Guard Tower
10:51 Scout Tower
10:52 Scout Tower
10:54 Guard Tower
10:55 Scout Tower
10:58 Guard Tower
11:00 Scout Tower
11:47 Guard Tower
11:48 Scout Tower
11:49 Scout Tower
12:14 Guard Tower
12:25 Scout Tower
12:26 Scout Tower
12:30 Scout Tower
13:27 Guard Tower
13:28 Arcane Vault
13:35 Guard Tower
13:37 Scout Tower
13:39 Scout Tower
13:42 Guard Tower
13:46 Scout Tower
14:19 Scout Tower
14:21 Scout Tower
14:22 Scout Tower
14:24 Scout Tower
14:59 Guard Tower
15:01 Scout Tower
15:18 Scout Tower
15:23 Guard Tower
15:24 Scout Tower
15:32 Guard Tower
15:33 Scout Tower
15:34 Scout Tower
15:36 Scout Tower
15:41 Scout Tower
16:00 Scout Tower
16:01 Scout Tower
16:04 Scout Tower
16:06 Guard Tower
16:09 Scout Tower
16:10 Scout Tower
16:11 Scout Tower
16:11 Scout Tower
16:17 Guard Tower
16:27 Guard Tower
16:39 Scout Tower
17:18 Arcane Tower
17:24 Arcane Tower
17:38 Arcane Tower
17:54 Guard Tower
17:59 Scout Tower
18:00 Scout Tower
18:02 Scout Tower
18:04 Arcane Tower
18:08 Scout Tower
18:09 Scout Tower
18:10 Scout Tower
18:11 Scout Tower
18:17 Scout Tower
18:18 Scout Tower
18:19 Scout Tower
18:20 Scout Tower
18:21 Scout Tower
19:14 Guard Tower
19:26 Arcane Tower
19:28 Scout Tower
19:29 Scout Tower
19:30 Scout Tower
19:31 Scout Tower
19:32 Scout Tower
19:32 Scout Tower
20:05 Guard Tower
20:07 Scout Tower
20:07 Scout Tower
20:10 Scout Tower
20:11 Scout Tower
20:38 Town Hall
20:40 Guard Tower
21:38 Guard Tower
22:10 Farm
22:28 Guard Tower
23:31 Scout Tower
24:25 Guard Tower
24:26 Scout Tower
25:35 Guard Tower
25:37 Scout Tower
27:04 Guard Tower
27:17 Scout Tower
27:18 Scout Tower
27:19 Scout Tower
27:19 Scout Tower
27:28 Scout Tower
27:29 Scout Tower
27:30 Scout Tower
27:31 Scout Tower
27:31 Scout Tower
27:45 Guard Tower
27:47 Scout Tower
27:48 Scout Tower
27:49 Scout Tower
27:50 Scout Tower
28:35 Guard Tower
29:21 Guard Tower
30:14 Guard Tower
30:20 Guard Tower
30:37 Scout Tower
30:37 Scout Tower
30:38 Scout Tower
30:39 Scout Tower
30:45 Guard Tower
31:12 Guard Tower
31:17 Lumber Mill
31:31 Guard Tower
32:04 Guard Tower
32:39 Lumber Mill
32:44 Lumber Mill
32:47 Lumber Mill
32:57 Lumber Mill
34:15 Guard Tower
34:21 Scout Tower
34:23 Scout Tower
34:23 Scout Tower
36:28 Guard Tower
37:32 Town Hall
» items
| Scroll of Regeneration | 7 | |
| Healing Salve | 4 | |
| Staff of Sanctuary | 2 | |
| Scroll of Town Portal | 3 | |
| Potion of Healing | 4 | |
| Orb of Lightning | 2 | |
22 total
nutsurlechin.fr (
purple | 105 APM | 4243 actions | 40:28)
6 Blademaster
3 Wind Walk
2 Critical Strike
1 Bladestorm
» actions
| Assign group hotkey | 150 | |
| Basic commands | 3 | |
| Build / train | 86 | |
| ESC pressed | 15 | |
| Enter build submenu | 85 | |
| Enter hero's abilities submenu | 6 | |
| Give item / drop item | 13 | |
| Remove unit from queue | 1 | |
| Right click | 2731 | |
| Select / deselect | 429 | |
| Select group hotkey | 431 | |
| Use ability | 293 | |
4243 total
» units
| Peon | 24 | |
| Troll Batrider | 6 | |
| Kodo Beast | 3 | |
| Raider | 6 | |
39 total
» upgrades
| Spiked Barricades | 3 | |
| Reinforced Defenses | 1 | |
| Armor | 2 | |
| Ensnare | 1 | |
| Pillage | 1 | |
8 total
» buildings
| Altar of Storms | 1 | |
| Orc Burrow | 4 | |
| War Mill | 1 | |
| Watch Tower | 63 | |
| Voodoo Lounge | 2 | |
| Stronghold | 2 | |
| Beastiary | 2 | |
| Great Hall | 4 | |
| Fortress | 2 | |
81 total
» build order
00:02 Altar of Storms
00:11 Orc Burrow
00:34 War Mill
01:51 Watch Tower
02:07 Watch Tower
02:07 Watch Tower
02:39 Watch Tower
02:44 Orc Burrow
02:55 Watch Tower
03:22 Watch Tower
03:45 Watch Tower
03:56 Voodoo Lounge
04:24 Watch Tower
05:25 Watch Tower
05:25 Watch Tower
05:26 Stronghold
05:27 Stronghold
05:51 Watch Tower
06:12 Watch Tower
06:57 Watch Tower
06:58 Watch Tower
07:08 Watch Tower
07:47 Watch Tower
08:26 Watch Tower
08:26 Watch Tower
08:31 Beastiary
08:33 Orc Burrow
08:37 Beastiary
09:41 Watch Tower
09:41 Watch Tower
09:47 Watch Tower
10:32 Watch Tower
10:42 Great Hall
11:11 Watch Tower
11:12 Watch Tower
11:22 Watch Tower
11:55 Great Hall
12:03 Watch Tower
12:05 Watch Tower
12:10 Watch Tower
12:10 Watch Tower
12:18 Watch Tower
12:35 Watch Tower
13:33 Watch Tower
13:34 Watch Tower
13:35 Watch Tower
13:57 Fortress
13:58 Fortress
14:06 Watch Tower
14:09 Watch Tower
14:11 Watch Tower
15:35 Orc Burrow
15:37 Watch Tower
16:01 Watch Tower
16:38 Great Hall
17:22 Watch Tower
17:22 Watch Tower
17:23 Watch Tower
17:45 Watch Tower
18:33 Watch Tower
19:30 Watch Tower
19:30 Watch Tower
19:41 Watch Tower
20:40 Watch Tower
21:17 Voodoo Lounge
22:47 Watch Tower
22:48 Watch Tower
22:57 Watch Tower
23:40 Watch Tower
23:41 Watch Tower
23:43 Watch Tower
23:44 Watch Tower
24:06 Watch Tower
24:34 Watch Tower
24:34 Watch Tower
25:01 Watch Tower
26:14 Watch Tower
26:14 Watch Tower
27:20 Watch Tower
27:52 Great Hall
» items
| Healing Salve | 5 | |
| Lesser Clarity Potion | 5 | |
| Scroll of Speed | 2 | |
| Orb of Lightning | 1 | |
| Scroll of Town Portal | 3 | |
| Scroll of Regeneration | 1 | |
| Potion of Healing | 4 | |
| Potion of Mana | 2 | |
| Staff of Sanctuary | 1 | |
24 total
Chat log
(00:20 / Allies) nutsurlechin.fr: russia p. big
(01:04 / Allies) nutsurlechin.fr: il n'y a pas de elf ? ?
(01:16 / Allies) nutsurlechin.fr: zut alors.
(02:06 / Allies) nutsurlechin.fr: merde
(02:24 / Allies) nutsurlechin.fr: le creeps attacke moi
(02:34 / Allies) nutsurlechin.fr: parce que ils sont faggotes
(03:14 / All) nutsurlechin.fr: ou es son homme de foot?? huahau
(04:08 / Allies) nutsurlechin.fr: ces noobes sont horribles
(07:11 / Allies) nutsurlechin.fr: qoi?
(08:11 / Allies) nutsurlechin.fr: zut.
(09:07 / Allies) nutsurlechin.fr: khad pipe
(09:07 / Allies) nutsurlechin.fr: owned
(09:13 / Allies) nutsurlechin.fr: ya
(09:18 / Allies) nutsurlechin.fr: amazingly shitty item
(09:23 / Allies) nutsurlechin.fr: considering we have two ams
(10:12 / Allies) nutsurlechin.fr: belt of giant strength
(10:13 / Allies) nutsurlechin.fr: gg
(11:50 / Allies) nutsurlechin.fr: come on i cancelled that
(11:59 / Allies) nutsurlechin.fr: lum?
(13:46 / Allies) nutsurlechin.fr: bats seem kind of dumb now.
(14:19 / Allies) nutsurlechin.fr: got a book of gg
(14:52 / Allies) nutsurlechin.fr: gay
(15:06 / Allies) nutsurlechin.fr: ok making a kodo i guess.
(16:11 / Allies) nutsurlechin.fr: sweet claws
(16:29 / Allies) nutsurlechin.fr: any spare lum?
(17:01 / Allies) nutsurlechin.fr: who should take top?
(17:09 / Allies) nutsurlechin.fr: aparently mk..
(17:31 / Allies) nutsurlechin.fr: i'm done
(17:33 / Allies) nutsurlechin.fr: nope
(17:35 / Allies) nutsurlechin.fr: he's huge noob
(17:42 / Allies) nutsurlechin.fr: yeah he had enough to permasnare
(19:24 / Allies) nutsurlechin.fr: they expo'd here too
(22:40 / Allies) nutsurlechin.fr: my namea blinn
(22:41 / Allies) nutsurlechin.fr: i clicka my tp
(23:38 / Allies) nutsurlechin.fr: deepsix
(25:08 / Allies) nutsurlechin.fr: lum?
(28:16 / Allies) nutsurlechin.fr: ok
(29:59 / Allies) nutsurlechin.fr: stole a raider
(30:10 / Allies) nutsurlechin.fr: oh i see what you wanna do.
(31:33 / Allies) nutsurlechin.fr: they got wards everwyereh
(34:10 / Allies) nutsurlechin.fr: whoaoaoaoaoh
(34:16 / Allies) nutsurlechin.fr: getting raiders
(34:58 / Allies) nutsurlechin.fr: hahaha
(35:03 / Allies) nutsurlechin.fr: they lost like 8 raiders
(35:51 / Allies) nutsurlechin.fr: dual hex is not balanced correctly
(37:52 / Allies) nutsurlechin.fr: ya
(38:26 / All) iggy_the_fisk: owned noob
(38:27 / All) dogsandhorse.ru: u all turn gay now
(38:44 / All) GG.Kolya: цз
(38:47 / All) dogsandhorse.ru: ENGLISH
(39:18 / All) dogsandhorse.ru: shit noobs
(39:27 / All) nutsurlechin.fr: u embarrass russia..